 Dungeon Crawl Stone Soup version 0.28.0-53-g5a82cb258f (webtiles) character file.

Game seed: 14056345067160172264

434 Gabide the Insei (level 7, -7/38 HPs)
             Began as a Vine Stalker Monk on June 7, 2022.
             Mangled by Prince Ribbit (12 damage)
             ... on level 5 of the Dungeon.
             The game lasted 00:08:56 (4674 turns).

Gabide the Insei (Vine Stalker Monk)                Turns: 4674, Time: 00:08:56

Health: -7/38      AC:  8    Str: 13    XL:     7   Next: 0%
Magic:  0/8        EV: 12    Int: 10    God:
Gold:   31         SH:  0    Dex: 19    Spells: 6/6 levels left

rFire   . . .      SeeInvis .     - Unarmed
rCold   . . .      Faith    .   (no shield)
rNeg    . . .      Spirit   +   d - +0 ring mail
rPois   .          Reflect  .   c - +1 hat
rElec   .          Harm     .   r - +0 cloak
rCorr   .          Rampage  .   t - +0 pair of gloves
Will    .....                   (no boots)
Stlth   ++........              (no amulet)
HPRegen 0.92/turn               (no ring)
MPRegen 0.11/turn               (no ring)

@: mighty
A: fangs 2, regeneration 1, magic shield, antimagic bite, no potion heal 2
a: no special abilities


You were on level 5 of the Dungeon.
You visited 1 branch of the dungeon, and saw 5 of its levels.
You also visited: Sewer.

You collected 157 gold pieces.
You spent 126 gold pieces at shops.

Inventory:

Hand Weapons
 o - the +3 war axe of Ysuareil {vorpal, rN+}
   (You took it off a hobgoblin on level 3 of the Dungeon)

   It inflicts extra damage upon your enemies.
   rN:        It protects you from negative energy.
Missiles
 b - 97 stones (quivered)
Armour
 c - a +1 hat (worn)
 d - a +0 ring mail (worn)
 r - a +0 cloak (worn)
 s - a +0 helmet
 t - a +0 pair of gloves (worn)
 v - a +0 pair of boots
Wands
 h - a wand of flame (4)
 j - a wand of digging (5)
Scrolls
 a - 2 scrolls of immolation
 f - 2 scrolls of teleportation
 n - a scroll of magic mapping
 q - a scroll of brand weapon {unknown}
 u - a scroll of noise {unknown}
Potions
 e - a potion of resistance
 g - 3 potions of mutation
 k - 2 potions of curing
 l - 2 potions of brilliance
 m - a potion of cancellation


   Skills:
 + Level 4.5 Fighting
 + Level 4.1 Dodging
 - Level 2.4 Stealth
 + Level 5.0 Unarmed Combat


You had 6 spell levels left.
You didn't know any spells.
Your spell library was empty.

Dungeon Overview and Level Annotations

Branches:
Dungeon (5/15)              Sewer (visited)
 Temple: D:4-7

Altars:
Gozag

Shops:
D:1 [   D:4 [

Annotations:
D:3 3 runed translucent doors, spica's ghost, amateur GrEE
D:4 Sigmund
D:5 Prince Ribbit


Innate Abilities, Weirdness & Mutations

You have extremely sharp teeth.
Your natural rate of healing is unusually fast.
When hurt, damage is shared between your health and your magic reserves.
Your bite disrupts and absorbs the magic of your enemies.
Potions cannot restore your health.


Message History

You completely miss Prince Ribbit.
Prince Ribbit is moderately wounded.
Prince Ribbit hits you! x2
You barely miss Prince Ribbit.
Prince Ribbit is moderately wounded.
Prince Ribbit hits you! Prince Ribbit barely misses you.
Prince Ribbit hits you!
* * * LOW HITPOINT WARNING * * *
Okay, then.
Throw: throwing net
Press: ? - help, Q - select action, (/) - cycle Shift-Dir - straight line, f/p - Prince Ribbit
Aim: Prince Ribbit (moderately wounded, 43% to hit)
You throw a throwing net. The throwing net hits Prince Ribbit.
Prince Ribbit is caught in the net!
Prince Ribbit is moderately wounded.
Prince Ribbit struggles against the net.
You feel very mighty all of a sudden.
Prince Ribbit struggles against the net.
You slash Prince Ribbit!
Prince Ribbit is severely wounded.
Prince Ribbit blinks!
You are now empty-handed.
Prince Ribbit blinks!
You see here a throwing net.
p - a throwing net Throw: throwing net
Press: ? - help, Q - select action, (/) - cycle Shift-Dir - straight line, f/p - Prince Ribbit
Aim: Prince Ribbit (heavily wounded, 43% to hit)
You throw a throwing net.
The throwing net closely misses Prince Ribbit.
Prince Ribbit hits you!
* * * LOW HITPOINT WARNING * * *
Okay, then.
Unknown command.
You punch Prince Ribbit! Your bite misses Prince Ribbit.
Prince Ribbit is almost dead.
Prince Ribbit misses you.
You closely miss Prince Ribbit. Your bite misses Prince Ribbit.
Prince Ribbit is almost dead.
Prince Ribbit hits you!
You die...

#### #(.. #.. ...
#.# #.#
#.########F#
#....<..##@#
#.#####.##[####..#
#.........#
####.....##
######.# .#


You could see Prince Ribbit.

Vanquished Creatures
  A water moccasin (Sewer)
  2 howler monkeys (D:3)
  Crazy Yiuf (D:4)
  2 iguanas (D:4)
  An orc wizard (D:3)
  6 adders
  A river rat (D:4)
  An adder skeleton (D:4)
  4 dart slugs
  7 orcs
  4 endoplasms
  3 giant cockroaches
  3 hobgoblins
  6 jackals
  2 quokkas
  7 ball pythons
  5 bats
  2 frilled lizards
  8 goblins
  8 kobolds
  A rat (D:1)
75 creatures vanquished.

Notes
Turn   | Place    | Note
-------+----------+-------------------------------------------
     0 | D:1      | Gabide the Vine Stalker Monk began the quest for the Orb.
     0 | D:1      | Reached XP level 1. HP: 11/11 MP: 2/2
   498 | D:1      | Found Huqasmox's Antique Armour Shop.
   525 | D:1      | Reached XP level 2. HP: 16/16 MP: 3/3
  1336 | D:2      | Reached XP level 3. HP: 3/20 MP: 4/4
  1954 | D:2      | Found a faded altar of an unknown god.
  2176 | D:2      | HP: 1/20 [poisoned by an adder]
  2542 | D:2      | Gained mutation: Your natural rate of healing is unusually
                  | fast. [Vine Stalker growth]
  2542 | D:2      | Reached XP level 4. HP: 12/24 MP: 3/5
  2646 | D:2      | Found an opulent altar of Gozag.
  2872 | D:3      | Reached skill level 4 in Unarmed Combat
  2872 | D:3      | Reached XP level 5. HP: 28/28 MP: 6/6
  2956 | D:3      | Found a runed translucent gate.
  2958 | D:3      | Found a runed translucent gate.
  2960 | D:3      | Found a runed translucent gate.
  2987 | D:3      | Noticed spica's ghost (amateur GrEE)
  3030 | D:3      | Identified the +3 war axe of Ysuareil {vorpal, rN+}
  3650 | D:4      | Noticed Sigmund
  3742 | D:4      | Reached XP level 6. HP: 33/33 MP: 7/7
  3774 | D:4      | Found a glowing drain.
  3791 | Sewer    | Entered a sewer
  3852 | Sewer    | Noticed a water moccasin
  3863 | Sewer    | Killed a water moccasin
  4113 | D:4      | Found Ekueclae's Armour Shoppe.
  4116 | D:4      | Bought a +0 cloak for 63 gold pieces
  4116 | D:4      | Bought a +0 pair of gloves for 63 gold pieces
  4260 | D:4      | Found a runed translucent door.
  4261 | D:4      | Noticed Crazy Yiuf
  4276 | D:4      | Killed Crazy Yiuf
  4277 | D:4      | Reached skill level 5 in Unarmed Combat
  4277 | D:4      | Reached XP level 7. HP: 20/38 MP: 2/8
  4335 | D:4      | Identified the +1 mace "Cuygaef" {flame, Str+4}
  4649 | D:5      | Entered Level 5 of the Dungeon
  4655 | D:5      | Noticed Prince Ribbit
  4674 | D:5      | Mangled by Prince Ribbit

Illustrated notes

Levels and vault maps discovered:
D:1:      dpeg_arrival_line_fractal, layout_loops_corners, serial_shops,
          nicolae_diamond_shop
D:2:      layout_basic, basic_ecumenical_altar, basic_altar
D:3:      layout_loops_ring, gammafunk_ghost_icy
D:4:      layout_basic, serial_bayou, serial_bayou_pond_c, serial_bayou_shore_b,
          serial_bayou_shore_a, serial_bayou_crossing, portal_sewer_entry_a,
          serial_shops, kennysheep_mini_moat, uniq_sigmund,
          uniq_crazy_yiuf_cottage
D:5:      layout_loops_ring, minmay_temple_entry_grid,
          ebering_ghost_reflecting_pool, uniq_prince_ribbit1,
          uniq_blork_the_orc, uniq_menkaure

Skill      XL: |  1  2  3  4  5  6 |
---------------+-------------------+-----
Fighting       | 3 4 |  4.5
Dodging        | 3 4 |  4.1
Unarmed Combat | 4 5 |  5.0
Stealth        | |  2.4

Action                   |  1- 3 |  4- 6 |  7- 9 || total
-------------------------+-------+-------+-------++-------
Melee: Unarmed           |    62 |    73 |     2 ||   137
       Bite              |     8 |    35 |       ||    43
       Punch             |     1 |     4 |       ||     5
       War axe           |       |    55 |     4 ||    59
Throw: Stone             |    53 |    22 |       ||    75
       Throwing net      |       |       |     2 ||     2
Evoke: Wand              |       |     4 |     1 ||     5
  Use: Scroll            |     3 |     9 |       ||    12
       Potion            |       |     1 |     1 ||     2
 Stab: Sleeping          |     5 |     1 |       ||     6
       Distracted        |       |       |     1 ||     1
Armor: Ring mail         |    11 |    21 |       ||    32
       Scale mail        |    13 |    21 |       ||    34
Dodge: Dodged            |    25 |    74 |     2 ||   101
